 Dungeon Crawl Stone Soup version 0.32-a0-35-gd9ff480 (webtiles) character file.

Game seed: 6520946287459902672

112 Dorkslayer the Ruffian (level 4, -4/28 HPs)
             Began as an Octopode Shapeshifter on Jan 21, 2024.
             Slain by a gnoll
             ... wielding a +0 halberd
             ... led by a gnoll bouda
              (9 damage)
             ... on level 3 of the Dungeon.
             The game lasted 00:08:20 (1337 turns).

Dorkslayer the Ruffian (Octopode Shapeshifter)      Turns: 1337, Time: 00:08:22

Health: -4/28      AC:  1    Str: 24    XL:     4   Next: 93%
Magic:  4/4        EV: 13    Int: 12    God:
Gold:   82         SH:  0    Dex: 13    Spells: 3/3 levels left

rFire   . . .        l - +6 dagger of Viaca Govi {heavy, Str+3 Dex+2}
rCold   . . .        (no shield)
rNeg    . . .        (helmet currently unavailable)
rPois   .            (no amulet)
rElec   .            e - +6 ring of strength
rCorr   .            h - ring of willpower
SInv    .            (no ring)
Will    +....        (no ring)
Stlth   +++          (no ring)
HPRegen 0.24/turn    (no ring)
MPRegen 0.09/turn    (no ring)
                     (no ring)

%: no passive effects
@: beast-form
A: beast (slay +2), almost no armour, amphibious, 8 rings, camouflage 1,
gelatinous body 1, (nimble swimmer 1), tentacles
a: Begin Untransformation


You were on level 3 of the Dungeon.
You were a hulking beast.
You visited 1 branch of the dungeon, and saw 3 of its levels.

You collected 82 gold pieces.

Inventory:

Hand Weapons
 l - the +6 dagger of Viaca Govi (weapon) {heavy, Str+3 Dex+2}
   (You found it on level 2 of the Dungeon)

   Str+3:     It affects your strength (+3).
   Dex+2:     It affects your dexterity (+2).
Jewellery
 e - a +6 ring of strength (left tentacle)
 h - a ring of willpower (right tentacle)
Talismans
 b - a beast talisman
 c - a flux talisman
Scrolls
 d - a scroll of noise {unknown}
 f - a scroll of immolation {unknown}
 g - 2 scrolls of revelation {unknown}
 i - a scroll of butterflies {unknown}
 j - a scroll of fear {unknown}
Potions
 a - 2 potions of lignification
 k - a potion of invisibility {unknown}
 m - a potion of might {unknown}
 n - 2 potions of curing {unknown}


   Skills:
 + Level 1.2 Fighting
 + Level 0.3 Short Blades
 + Level 2.1 Dodging
 + Level 2.1 Stealth
 * Level 4.3 Unarmed Combat
 + Level 3.7 Shapeshifting


You had 3 spell levels left.
You didn't know any spells.
Your spell library was empty.

Dungeon Overview and Level Annotations

Branches:
Dungeon (3/15)

Altars:


Innate Abilities, Weirdness & Mutations

You are a hulking beast.
Your limbs bulge with bestial killing power. (Slay +2)
You cannot wear most types of armour.
You are amphibious.
You can wear up to eight rings at the same time.
Your skin changes colour to match your surroundings (Stealth+).
Your rubbery body absorbs attacks. (AC +1, EV +1)
((You are camouflaged when in or above water. (Stealth+)))
You have tentacles for arms and can constrict up to eight enemies at once.


Message History

You kill the hobgoblin!
You see here a hobgoblin corpse.
You see here a rat corpse.
You hit the rat.
You kill the rat!
You see here a rat corpse.
A gnoll bouda, 3 gnolls and a rat come into view.
Found a stone staircase leading down.
You see here a fuming emerald potion.
You see here 10 gold pieces.
The gnoll bouda shouts!
The gnoll shouts! x2; You hear a shout!
A gnoll comes into view. It is wielding a +0 whip.
You see here a fuming emerald potion.
n - 2 fuming emerald potions (gained 1)
The gnoll bouda hits the plant with a +0 club.
The plant begins to die.
A gnoll comes into view. It is wielding a +0 club.
A ball python comes into view.
The gnoll bouda hits the plant with a +0 club!
The plant begins to die.
You hear a loud squeak.
The ball python hisses angrily.
You puncture the gnoll! You grab the gnoll. You squeeze the gnoll.
You kill the gnoll!
The gnoll bouda barks out a call to the hunt!
The gnolls pick up the pace!
The gnoll barely misses you.
Okay, then.
The gnoll hits you from afar with a +0 halberd!
The gnoll attacks as it pursues you! The gnoll barely misses you.
The gnoll misses you. The gnoll hits you with a +0 club!
The gnoll hits you with a +0 spear.
The gnoll hits you from afar with a +0 halberd.
You puncture the gnoll! Your grab misses the gnoll.
The gnoll is severely wounded.
The gnoll hits you with a +0 club.
* * * LOW HITPOINT WARNING * * *
The gnoll closely misses you.
The gnoll hits you from afar with a +0 halberd!
You die...

#..........# ..... ###
#.......[..####+# .....
...#.............#.##....
#.#......†......).....#
#...###...††.....##.####
#..##....)........##.#
#.......g.......[...######
##$..g.Sgg......###.......
#.)#####h#.....# #.......
..?g..# #..#.....# #.......
.........##.##.....# #.######
...PPP.P...#+##########.######
..PP.gPPP.>.. #...........
...P...gPr.... #.....#####.
..P..P..P..... #.....#
######.....# #......#####


You could see a gnoll bouda, 3 gnolls and a ball python.

Vanquished Creatures
  Terence (D:3)
  A gnoll (D:3)
  An adder (D:2)
  A dart slug (D:1)
  3 ribbon worms (D:2)
  5 bats
  4 endoplasms
  5 giant cockroaches
  6 goblins
  6 hobgoblins
  4 jackals (D:1)
  A quokka (D:2)
  3 ball pythons (D:2)
  5 kobolds
  8 rats
54 creatures vanquished.

Notes
Turn   | Place    | Note
-------+----------+-------------------------------------------
     0 | D:1      | Dorkslayer the Octopode Shapeshifter began the quest for
                  | the Orb.
     0 | D:1      | Reached XP level 1. HP: 13/13 MP: 1/1
    81 | D:1      | Reached XP level 2. HP: 17/18 MP: 2/2
   202 | D:1      | Found a faded altar of an unknown god.
   295 | D:1      | Reached XP level 3. HP: 5/23 MP: 3/3
   797 | D:2      | Identified the +6 dagger of Viaca Govi {heavy, Str+3 Dex+2}
   868 | D:2      | Reached skill level 1 in Stealth
  1000 | D:2      | Reached XP level 4. HP: 22/28 MP: 4/4
  1019 | D:2      | Reached skill level 4 in Unarmed Combat
  1294 | D:3      | Noticed Terence
  1298 | D:3      | Killed Terence
  1337 | D:3      | Slain by a gnoll

Illustrated notes

Levels and vault maps discovered:
D:1:      ebering_trefoil_twist, layout_basic,
          shapermc_ecumenical_altar_flowoftime, minmay_cupped
D:2:      layout_basic, patterned_corridor
D:3:      layout_basic, mainiacjoe_overflow_divided_tiny, serial_shops,
          nicolae_diamond_shop, nicolae_grassy_gnolls, uniq_terence,
          uniq_crazy_yiuf_cottage, uniq_robin

Skill      XL: |  1  2  3  4 |
---------------+-------------+-----
Stealth        | 1 2 |  2.1
Unarmed Combat | 4 |  4.3
Fighting       | |  1.2
Short Blades   | |  0.3
Dodging        | |  2.1
Shapeshifting  | |  3.7

Action                     |  1- 3 |  4- 6 || total
---------------------------+-------+-------++-------
  Melee: Unarmed           |    49 |       ||    49
         Constrict         |    16 |     7 ||    23
         Tentacles         |     5 |     1 ||     6
         Dagger            |    10 |    27 ||    37
   Stab: Sleeping          |     4 |     3 ||     7
 Armour: Skin              |    27 |    15 ||    42
  Dodge: Dodged            |    46 |    20 ||    66

Table legend: (Time is in decaauts)
 A = Elapsed time spent in this place.
 B = Non-inter-level travel time spent in this place.
 C = Inter-level travel time spent in this place.
 D = Time resting spent in this place.
 E = Time spent auto-exploring this place.
 F = Levels seen in this place.
 G = Mean time per level.
                   A        B        C        D        E       F      G
               +--------+--------+--------+--------+--------+-----+--------+
         Total |   1349 |   1349 |      0 |     70 |    657 |   3 |  449.7 |
       Dungeon |   1349 |   1349 |      0 |     70 |    657 |   3 |  449.7 |
               +--------+--------+--------+--------+--------+-----+--------+

Top non-repeatable levels by time:
     D:2: 637 daAuts
     D:1: 636 daAuts
     D:3: 75 daAuts
